Map: Chantier naval orbital

Players

raftek

  • Race: Protoss Protoss
  • League: Grandmaster

AgCl - Winner!

  • Race: Protoss Protoss
  • League: Grandmaster

VOD

Have the link to the VOD?

Description

Time

  • Played on: June 9, 2015, 6:36 p.m.
  • Length: 15:06
Show
View Real Time Build Order
Export as new Build Order

raftek Protoss 

Build Orders: Nexus First 

Get SALT Encoding   

  12  0:01  Probe  
  13  0:15  Pylon  
  13  0:18  Probe  
  14  0:33  Probe (Chrono Boost)  
  16  0:43  Probe (Chrono Boost)  
  16  0:50  Probe  
  17  1:00  Nexus  
  17  1:04  Probe (Chrono Boost)  
  18  1:12  Pylon  
  18  1:16  Probe (Chrono Boost)  
  19  1:27  Probe (Chrono Boost)  
  20  1:36  Gateway  
  20  1:37  Probe (Chrono Boost)  
  21  1:49  Probe (Chrono Boost)  
  21  1:51  Forge  
  22  1:55  Probe (Chrono Boost)  
  22  2:01  Pylon  
  23  2:06  Probe (Chrono Boost)  
  25  2:18  Probe x2 (Chrono Boost)  
  26  2:25  Probe x2 (Chrono Boost)  
  26  2:27  Zealot  
  30  2:30  Photon Cannon  
  30  2:40  Probe x2  
  31  2:52  Probe x2  
  32  3:01  Zealot  
  32  3:04  Probe (Chrono Boost)  
  36  3:06  Probe (Chrono Boost)  
  36  3:07  Photon Cannon  
  36  3:14  Assimilator  
  36  3:15  Probe (Chrono Boost)  
  36  3:16  Probe (Chrono Boost), Assimilator  
  38  3:22  Probe x2 (Chrono Boost)  
  40  3:28  Zealot  
  40  3:29  Cybernetics Core  
  40  3:34  Probe (Chrono Boost)  
  43  3:35  Probe (Chrono Boost)  
  44  3:46  Probe (Chrono Boost)  
  44  3:47  Probe (Chrono Boost)  
  46  3:51  Gateway  
  46  3:53  Pylon  
  46  3:55  Pylon  
  46  3:56  Probe x2  
  48  4:07  Twilight Council  
  48  4:10  Pylon  
  48  4:12  Probe (Chrono Boost)  
  48  4:13  Probe (Chrono Boost)  
  50  4:22  Probe x2 (Chrono Boost)  
  52  4:26  Assimilator  
  52  4:29  Probe x2, Assimilator  
  54  4:36  Gateway  
  54  4:38  Gateway  
  54  4:39  Gateway  
  54  4:43  Gateway  
  54  4:44  Warp Gate  
  54  4:46  Probe (Chrono Boost)  
  54  4:48  Probe (Chrono Boost)  
  56  4:57  Probe (Chrono Boost)  
  54  5:01  Stalker  
  54  5:02  Stalker  
  54  5:06  Mothership Core  
  55  5:12  Probe  
  43  5:24  Probe  
  43  5:27  Probe  
  43  5:37  Probe (Chrono Boost)  
  43  5:40  Probe (Chrono Boost)  
  45  5:49  Probe (Chrono Boost)  
  46  5:52  Probe (Chrono Boost)  
  46  5:56  Pylon  
  48  5:58  Probe (Chrono Boost)  
  48  5:59  Probe (Chrono Boost)  
  48  6:01  Pylon, Blink (Chrono Boost)  
  49  6:06  Probe (Chrono Boost), Nexus  
  49  6:08  Pylon  
  49  6:09  Probe (Chrono Boost)  
  49  6:10  Stalker  
  54  6:18  Probe (Chrono Boost)  
  54  6:20  Probe (Chrono Boost)  
  54  6:25  Probe (Chrono Boost)  
  56  6:26  Photon Cannon  
  56  6:27  Probe (Chrono Boost)  
  56  6:37  Probe  
  56  6:38  Probe  
  58  6:40  Pylon  
  58  6:45  Pylon  
  58  6:49  Probe  
  58  6:50  Probe  
  58  6:52  Stalker x2  
  58  6:53  Stalker  
  66  7:01  Probe  
  67  7:02  Probe  
  67  7:03  Zealot  
  67  7:04  Zealot x2  
  68  7:18  Stalker x2  
  68  7:19  Stalker  
  70  7:29  Stalker x2  
  68  7:30  Stalker  
  64  7:38  Probe  
  64  7:39  Probe x2  
  65  7:51  Probe x2  
  65  7:56  Stalker x2  
  65  7:57  Stalker x3  
  73  8:06  Probe  
  73  8:07  Probe x2  
  73  8:10  Protoss Ground Weapons Level 1 (Chrono Boost)  
  76  8:17  Photon Cannon  
  76  8:19  Photon Cannon  
  76  8:28  Photon Cannon  
  76  8:33  Pylon  
  76  8:34  Stalker x3  
  76  8:36  Stalker, Assimilator  
  76  8:38  Sentry  
  86  8:42  Assimilator  
  86  8:49  Pylon  
  86  8:52  Pylon  
  86  8:53  Stalker  
  88  8:56  Pylon  
  88  9:08  Pylon  
  88  9:10  Stalker x3  
  88  9:11  Nexus  
  88  9:12  Sentry  
  88  9:13  Sentry  
  98  9:19  Pylon  
  98  9:23  Probe x2  
  100  9:29  Zealot  
  99  9:47  Robotics Facility  
  99  9:50  Robotics Facility  
  99  9:54  Probe x3, Photon Cannon  
  99  9:57  Photon Cannon  
  102  10:01  Stalker  
  102  10:02  Stalker  
  102  10:04  Stalker  
  102  10:06  Probe x2 (Chrono Boost)  
  111  10:07  Probe (Chrono Boost), Protoss Ground Weapons Level 2 (Chrono Boost)  
  111  10:10  Photon Cannon  
  111  10:13  Photon Cannon  
  111  10:18  Probe (Chrono Boost)  
  111  10:19  Probe (Chrono Boost)  
  111  10:20  Probe (Chrono Boost)  
  114  10:26  Photon Cannon  
  115  10:30  Probe (Chrono Boost)  
  115  10:32  Stalker  
  115  10:33  Stalker x2  
  115  10:34  Stalker  
  123  10:36  Observer  
  123  10:37  Observer  
  123  10:40  Probe  
  126  10:46  Robotics Bay  
  126  10:48  Robotics Facility  
  126  10:49  Pylon  
  126  10:52  Photon Cannon  
  126  10:54  Stalker  
  126  10:55  Zealot  
  130  11:14  Immortal  
  130  11:16  Immortal  
  138  11:19  Probe  
  139  11:31  Probe  
  140  11:34  Zealot  
  140  11:35  Zealot x2  
  140  11:36  Zealot x2  
  140  11:37  Zealot  
  152  11:43  Probe  
  153  11:55  Probe  
  154  12:03  Colossus x2  
  154  12:04  Colossus  
  154  12:08  Probe  
  171  12:18  Assimilator  
  171  12:20  Probe  
  171  12:22  Assimilator  
  172  12:23  Extended Thermal Lance (Chrono Boost)  
  172  12:32  Probe  
  172  12:43  Stalker, Zealot x2  
  172  12:44  Probe (Chrono Boost), Zealot  
  180  12:45  Zealot x2  
  185  12:54  Observer  
  185  12:56  Probe (Chrono Boost)  
  185  12:57  Observer  
  185  12:58  Observer, Protoss Ground Armor Level 1  
  187  13:03  Probe (Chrono Boost)  
  190  13:13  Probe  
  178  13:25  Probe  
  105  13:47  Stalker  
  78  13:48  Stalker  
  78  13:49  Stalker  
  78  13:50  Stalker x3  
  88  14:13  Stalker  
  88  14:14  Stalker x3  
  88  14:15  Stalker x2  
  88  14:40  Zealot x2  
  88  14:41  Zealot x4  
Show
View Real Time Build Order
Export as new Build Order

AgCl Protoss - Winner!

Build Orders: Oracle Opening, Oracle Opening 

Get SALT Encoding   

  12  0:18  Pylon  
  12  0:19  Probe  
  13  0:30  Assimilator  
  13  0:31  Probe  
  14  0:41  Gateway  
  14  0:44  Probe  
  15  0:57  Probe (Chrono Boost)  
  16  1:08  Probe (Chrono Boost)  
  17  1:14  Probe (Chrono Boost)  
  18  1:26  Probe  
  18  1:33  Zealot (Chrono Boost)  
  20  1:46  Nexus  
  20  1:47  Probe (Chrono Boost)  
  21  1:57  Probe (Chrono Boost)  
  21  2:01  Pylon  
  22  2:19  Cybernetics Core, Probe (Chrono Boost)  
  22  2:20  Assimilator  
  23  2:29  Probe (Chrono Boost)  
  24  2:36  Probe  
  25  2:48  Probe  
  26  2:58  Probe (Chrono Boost), Stargate  
  25  3:04  Probe (Chrono Boost)  
  26  3:10  Probe (Chrono Boost)  
  27  3:17  Probe (Chrono Boost)  
  27  3:18  Probe (Chrono Boost), Warp Gate  
  31  3:28  Probe (Chrono Boost)  
  31  3:30  Probe (Chrono Boost), Nexus  
  31  3:38  Probe (Chrono Boost)  
  31  3:40  Probe (Chrono Boost)  
  33  3:43  Oracle (Chrono Boost)  
  33  3:45  Probe (Chrono Boost)  
  33  3:48  Probe (Chrono Boost)  
  39  4:03  Probe x2 (Chrono Boost)  
  39  4:05  Robotics Facility  
  39  4:06  Pylon  
  40  4:13  Probe (Chrono Boost), Pylon  
  40  4:15  Probe (Chrono Boost)  
  42  4:21  Mothership Core  
  44  4:24  Probe  
  44  4:27  Assimilator  
  45  4:36  Probe  
  46  4:39  Pylon  
  46  4:42  Probe  
  47  4:46  Assimilator  
  47  4:47  Pylon  
  47  4:48  Probe, Forge  
  48  4:52  Gateway  
  48  4:54  Probe, Gateway  
  49  5:01  Probe (Chrono Boost)  
  50  5:10  Probe (Chrono Boost)  
  52  5:19  Probe (Chrono Boost)  
  52  5:20  Probe (Chrono Boost)  
  53  5:24  Observer (Chrono Boost)  
  53  5:25  Probe (Chrono Boost)  
  53  5:27  Probe  
  56  5:35  Probe  
  57  5:37  Probe  
  57  5:38  Warp Prism (Chrono Boost)  
  57  5:40  Photon Cannon  
  60  5:42  Pylon  
  60  5:45  Gateway  
  60  5:46  Gateway  
  60  5:47  Gateway  
  60  5:54  Void Ray (Chrono Boost)  
  60  5:57  Probe (Chrono Boost)  
  63  5:59  Pylon, Assimilator  
  63  6:01  Probe (Chrono Boost), Protoss Ground Weapons Level 1 (Chrono Boost)  
  63  6:02  Probe (Chrono Boost)  
  67  6:06  Probe (Chrono Boost), Photon Cannon  
  67  6:07  Pylon  
  67  6:08  Pylon  
  67  6:10  Probe (Chrono Boost)  
  69  6:15  Probe x2 (Chrono Boost)  
  71  6:24  Probe (Chrono Boost)  
  71  6:25  Probe x2 (Chrono Boost)  
  74  6:31  Probe x2  
  74  6:32  Probe  
  77  6:33  Protoss Air Weapons Level 1 (Chrono Boost)  
  77  6:35  Photon Cannon  
  77  6:38  Observer (Chrono Boost), Void Ray (Chrono Boost)  
  82  6:41  Assimilator  
  82  6:47  Pylon  
  82  6:48  Probe  
  82  6:49  Probe, Gateway  
  82  6:50  Gateway  
  84  6:58  Twilight Council  
  84  6:59  Probe  
  85  7:01  Stalker  
  85  7:02  Stalker x2  
  89  7:09  Zealot x3  
  90  7:26  Zealot x3  
  86  7:32  Stalker x2  
  82  7:42  Warp Prism (Chrono Boost)  
  80  7:49  Charge (Chrono Boost)  
  80  7:50  Probe  
  80  7:51  Probe, Dark Shrine  
  78  7:55  Fleet Beacon  
  78  7:56  Protoss Ground Weapons Level 2 (Chrono Boost)  
  78  7:57  Stargate  
  74  8:00  Probe, Pylon  
  75  8:18  Mothership Core (Chrono Boost)  
  77  8:21  Carrier (Chrono Boost)  
  77  8:22  Carrier (Chrono Boost)  
  77  8:23  Nexus  
  77  8:27  Probe (Chrono Boost), Zealot x2, Pylon  
  80  8:28  Protoss Air Weapons Level 2  
  80  8:33  Probe  
  95  8:49  Stargate  
  95  8:52  Gateway  
  95  8:55  Pylon  
  95  8:58  Stargate  
  95  9:07  Dark Templar x2  
  95  9:08  Cybernetics Core, Dark Templar, Zealot, Immortal  
  95  9:09  Zealot x2  
  111  9:17  Zealot x2  
  115  9:33  Dark Templar  
  117  9:50  Pylon  
  117  9:51  Gateway  
  117  9:54  Photon Cannon  
  117  9:56  Carrier x2 (Chrono Boost)  
  117  10:07  Nexus  
  117  10:09  Pylon  
  117  10:10  Protoss Ground Weapons Level 3, Pylon  
  117  10:13  Assimilator  
  129  10:16  Pylon  
  129  10:21  Carrier x2 (Chrono Boost)  
  129  10:22  Archon x2  
  129  10:27  Pylon x2  
  129  10:41  Assimilator  
  141  10:46  Pylon, Zealot x3  
  141  10:47  Zealot  
  149  10:52  Carrier (Chrono Boost)  
  145  11:07  Carrier (Chrono Boost)  
  139  11:13  Protoss Air Armor Level 1 (Chrono Boost)  
  151  11:24  Carrier (Chrono Boost)  
  157  11:37  Photon Cannon  
  157  11:41  Pylon  
  143  11:47  Carrier (Chrono Boost)  
  143  11:48  Dark Templar  
  150  12:07  Protoss Air Weapons Level 3 (Chrono Boost)  
  149  12:21  Zealot  
  149  12:22  Dark Templar  
  153  12:31  Dark Templar  
  153  12:33  Carrier (Chrono Boost)  
  155  12:39  Zealot  
  155  12:40  Carrier (Chrono Boost), Archon  
  155  12:41  Protoss Shields Level 1  
  157  12:45  Carrier (Chrono Boost)  
  175  13:13  Carrier (Chrono Boost)  
  163  13:34  Dark Templar x2  
  151  13:35  Zealot x5  
  151  13:36  Zealot  
  159  13:48  Zealot  
  159  13:49  Zealot  
  161  14:08  Pylon  
  152  14:25  Nexus  
  152  14:27  Pylon x2  
  148  14:44  Templar Archives  
  136  14:46  Zealot x3  
  142  15:02  Dark Templar x3  
  142  15:04  Dark Templar  
Tags
 
Add a new tag
Caveats
  • Supply blocks, unpowered buildings, or Contaminate may cause inaccurate times.
  • Supply counts are checked every 10 seconds.